 Dungeon Crawl Stone Soup version 0.21.1-1-g345015f (webtiles) character file.

104 prawnwizard the Sneak (level 4, -3/21 HPs)
             Began as a Spriggan Enchanter on June 27, 2018.
             Killed from afar by Sigmund (7 damage)
             ... with a magic dart
             ... on level 2 of the Dungeon.
             The game lasted 00:08:36 (1822 turns).

prawnwizard the Sneak (Spriggan Enchanter)          Turns: 1822, Time: 00:08:37

Health: -3/21      AC:  2    Str:  4    XL:     4   Next: 52%
Magic:  8/10       EV: 19    Int: 16    God:
Gold:   116        SH:  0    Dex: 17    Spells: 6/9 levels left

rFire    . . .     SeeInvis +   g - +0 dagger (venom)
rCold    . . .     Gourm    .   (shield restricted)
rNeg     . . .     Faith    .   b - +0 robe
rPois    .         Spirit   .   (helmet restricted)
rElec    .         Reflect  .   (no cloak)
rCorr    .         Harm     .   (gloves unavailable)
MR       .....                  (boots unavailable)
Stlth    +++.......             (no amulet)
HPRegen  0.07/turn              (no ring)
MPRegen  0.12/turn              (no ring)

@: very quick
A: very small, unfitting armour, see invisible, herbivore, speed 3, slow
metabolism 2
a: no special abilities


You were on level 2 of the Dungeon.
You were not hungry.

You visited 1 branch of the dungeon, and saw 2 of its levels.

You collected 116 gold pieces.

Inventory:

Hand Weapons
 a - a +1 dagger
 g - a +0 dagger of venom (weapon)
 j - a cursed -3 dagger
Armour
 b - a +0 robe (worn)
 n - a cursed -1 robe
Scrolls
 f - a scroll of fear {unknown}
 h - 3 scrolls of remove curse {unknown}
 i - 4 scrolls of identify {unknown}
 k - a scroll of magic mapping {unknown}
 l - a scroll of fog {unknown}
 m - a scroll of enchant armour {unknown}
 o - a scroll of teleportation {unknown}
Potions
 e - a potion of agility {unknown}
Books
 c - a book of Maledictions

   Spells                             Type                      Level
   a - Corona                         Hexes                        1
   b - Ensorcelled Hibernation        Hexes/Ice                    2
   c - Confuse                        Hexes                        3
   d - Tukima's Dance                 Hexes                        3
   e - Dazzling Spray                 Conjuration/Hexes            3
Comestibles
 d - 8 rations


   Skills:
 + Level 2.1 Short Blades
 + Level 4.1 Dodging
 + Level 5.6 Stealth
 + Level 3.4 Spellcasting
 + Level 4.3 Hexes


You had 6 spell levels left.
You knew the following spells:

 Your Spells              Type           Power        Failure   Level  Hunger
a - Corona                Hex            ###....      3%          1    None
b - Ensorcelled Hibernat  Hex/Ice        #.....       11%         2    ##.....


Dungeon Overview and Level Annotations

Branches:
Dungeon (2/15)

Altars:
Elyvilon

Annotations:
D:2 Sigmund


Innate Abilities, Weirdness & Mutations

You are very small and have problems with some larger weapons.
You are too small for most types of armour.
You have supernaturally acute eyesight. (SInv)
You are a herbivore.
You cover ground extremely quickly.
You need consume almost no food.


Message History

Found a white marble altar of Elyvilon.
Sigmund the Dreaded comes into view.
He is wielding a scythe of slicing.
Sigmund shouts!
Casting: Ensorcelled Hibernation
Confirm with . or Enter, or press ? or * to list all spells.
Aiming: Ensorcelled Hibernation
Press: ? - help, Shift-Dir - straight line, f - Sigmund
Aim: Sigmund, wielding a scythe of slicing and wearing a robe (chance to defeat MR: 50%) Sigmund looks drowsy...
The helpless Sigmund fails to defend himself.
You impale Sigmund!!
Sigmund is poisoned.
Sigmund is almost dead.
Sigmund hits you with a scythe of slicing!
Ouch! That really hurt!
* * * LOW HITPOINT WARNING * * *
x2 You closely miss Sigmund.
Sigmund is almost dead.
Sigmund points at you and mumbles some strange words.
The magic dart hits you!
You die...

.# #.....#
#.# .#
#.#####
≈≈≈... #.# .#
#.# .....♣
#.# .###)#
....♣ #.#
.....# ♣...♣♣
#.#
###........#
♣♣.....♣♣ #.#
##.#######
♣♣.......♣♣
#.# #.#
♣.@.≈≈≈...♣
#.# ####.###
♣♣.@≈≈≈≈≈..♣♣
####.#
.......#
♣...≈≈_≈≈...♣
#....#
.......#
♣♣..≈≈≈≈≈..♣
######
.......#####
♣...≈≈≈...♣
...........#
♣♣.......♣
.......###.#
♣♣.....♣♣
....)..# #.#
♣♣...♣♣
.......# #.#
♣♣.....♣♣
###.######.##
♣♣.......♣♣


You could see Sigmund.

Vanquished Creatures
  Jessica (D:2)
  4 adders (D:2)
  A dart slug (D:2)
  2 leopard geckos
  2 ball pythons (D:1)
  2 bats (D:1)
  A giant cockroach (D:1)
  5 goblins
  7 hobgoblins
  3 jackals (D:2)
  4 kobolds
  A frilled lizard (D:1)
  4 rats
37 creatures vanquished.

Notes
Turn   | Place    | Note
-------+----------+-------------------------------------------
     0 | D:1      | prawnwizard the Spriggan Enchanter began the quest for the Orb.
     0 | D:1      | Reached XP level 1. HP: 9/9 MP: 5/5
   269 | D:1      | Reached XP level 2. HP: 7/13 MP: 6/6
   309 | D:1      | Reached skill level 5 in Stealth
   808 | D:1      | Learned a level 2 spell: Ensorcelled Hibernation
  1020 | D:2      | Reached XP level 3. HP: 16/16 MP: 6/8
  1569 | D:2      | Noticed Jessica
  1586 | D:2      | Killed Jessica
  1586 | D:2      | Reached XP level 4. HP: 8/21 MP: 10/10
  1811 | D:2      | Found a white marble altar of Elyvilon.
  1813 | D:2      | Noticed Sigmund
  1822 | D:2      | Killed from afar by Sigmund

Skill      XL: |  1  2  3 |
---------------+----------+-----
Stealth        | 5 |  5.6
Hexes          | 4 |  4.3
Spellcasting   | 3 |  3.4
Short Blades   | 2 |  2.1
Dodging        | 4 |  4.1

Action                   |  1- 3 |  4- 6 || total
-------------------------+-------+-------++-------
Melee: Dagger            |   134 |    10 ||   144
 Cast: Ensorcelled Hiber |       |     5 ||     5
 Stab: Sleeping          |     5 |     3 ||     8
       Distracted        |       |     1 ||     1
Armor: Robe              |    15 |     1 ||    16
Dodge: Dodged            |   106 |     3 ||   109
